 Dungeon Crawl Stone Soup version 0.28.0-53-g5a82cb258f (webtiles) character file.

Game seed: 3030373919574136166

50 Zeld the Conjurer (level 3, -1/19 HPs)
             Began as a Deep Elf Conjurer on June 3, 2022.
             Slain by an adder (4 damage)
             ... on level 2 of the Dungeon.
             The game lasted 00:02:41 (1565 turns).

Zeld the Conjurer (Deep Elf Conjurer)               Turns: 1565, Time: 00:02:41

Health: -1/19      AC:  2    Str:  4    XL:     3   Next: 55%
Magic:  3/10       EV: 12    Int: 24    God:
Gold:   57         SH:  0    Dex: 13    Spells: 7/10 levels left

rFire   . . .      SeeInvis .   (no weapon)
rCold   . . .      Faith    .   (no shield)
rNeg    . . .      Spirit   .   a - +0 robe
rPois   .          Reflect  .   (no helmet)
rElec   .          Harm     .   (no cloak)
rCorr   .          Rampage  .   (no gloves)
Will    .....                   (no boots)
Stlth   ++........              (no amulet)
HPRegen 0.06/turn               (no ring)
MPRegen 0.12/turn               (no ring)

@: lethally poisoned (-1 -> -8)
A: no striking features
a: no special abilities


You were on level 2 of the Dungeon.
You visited 1 branch of the dungeon, and saw 2 of its levels.

You collected 57 gold pieces.

Inventory:

Armour
 a - a +0 robe (worn)
Scrolls
 b - 2 scrolls of amnesia {unknown}
 c - 2 scrolls of enchant armour {unknown}
 e - a scroll of identify {unknown}
 f - 2 scrolls of teleportation {unknown}
 g - a scroll of holy word {unknown}
Potions
 d - a potion of curing {unknown}
 h - 2 potions of heal wounds {unknown}


   Skills:
 - Level 2.4 Dodging
 - Level 2.4 Stealth
 * Level 4.0 Spellcasting
 + Level 4.5 Conjurations
 - Level 2.0 Hexes
 * Level 1.6 Translocations


You had 7 spell levels left.
You knew the following spells:

 Your Spells              Type           Power      Damage    Failure   Level
a - Magic Dart            Conj           100%       1d8       1%          1
b - Searing Ray           Conj           52%        2d6       2%          2

Your spell library contained the following spells:

 Spells                   Type           Power      Damage    Failure   Level
 Dazzling Flash           Conj/Hex       40%        N/A       8%          3
 Fulminant Prism          Conj/Hex       10%        3d9       26%         4
 Iskenderun's Mystic Bla  Conj/Tloc      19%        2d6       26%         4


Dungeon Overview and Level Annotations

Branches:
Dungeon (2/15)

Altars:


Message History

You kill the endoplasm! (Press . to maintain the ray.) Unknown command.
Casting: Searing Ray (safe; 2% risk of failure)
Confirm with . or Enter, or press ? or * to list all spells.
Restarting spell: Searing Ray (safe; 2% risk of failure)
Press: ? - help, Shift-Dir - straight line, f - bat
Aim: a bat (69% to hit)
Okay, then.
The bat closely misses you. The bat barely misses you.
The bat closely misses you. The bat barely misses you.
Casting: Searing Ray (safe; 2% risk of failure)
Confirm with . or Enter, or press ? or * to list all spells.
Aiming: Searing Ray (safe; 2% risk of failure)
Press: ? - help, Shift-Dir - straight line, f - bat
Aim: a bat (69% to hit)
The searing ray misses the bat. (Press . to maintain the ray.)
The bat misses you. x2
Unknown command.
The searing ray hits the bat.
You kill the bat!
The searing ray hits the adder!
The adder is heavily wounded.
The searing ray hits the adder.
The adder is severely wounded.
The adder bites you. x2
You are poisoned.
The adder poisons you!
Okay, then.
The searing ray misses the adder.
You finish channelling your searing ray.
You feel sick. The adder bites you.
* * * LOW HITPOINT WARNING * * *
You are lethally poisoned!
The adder poisons you!
* * * LOW HITPOINT WARNING * * *
You feel sick. The adder bites you.
You die...

#.. ............. # #.#
#...#........ #########.#
##.#..# .#.... <#...÷....#
##..#..##......
.†..####..###..#......#..#.
###..# #......##.#.........
##..####†......#.........
#.#.........##.........
#...##......@S.........
##.###.....####........
.... #.....# #.......< ..
..................... .
#.#.....>......#..##
.........########...#
..#.#.....# ... .##........


You could see an adder.

Vanquished Creatures
  An adder (D:2)
  A worm (D:2)
  A dart slug (D:1)
  2 ball pythons
  An endoplasm (D:2)
  2 goblins (D:1)
  A hobgoblin (D:2)
  11 jackals
  2 quokkas
  5 bats
  2 frilled lizards (D:1)
  4 kobolds (D:1)
  A rat (D:1)
34 creatures vanquished.

Notes
Turn   | Place    | Note
-------+----------+-------------------------------------------
     0 | D:1      | Zeld the Deep Elf Conjurer began the quest for the Orb.
     0 | D:1      | Reached XP level 1. HP: 10/10 MP: 6/6
   243 | D:1      | Reached skill level 1 in Hexes
   249 | D:1      | Reached XP level 2. HP: 9/15 MP: 0/8
   478 | D:1      | Learned a level 2 spell: Searing Ray
   808 | D:1      | Reached skill level 1 in Translocations
   956 | D:1      | Found a faded altar of an unknown god.
  1140 | D:2      | Reached XP level 3. HP: 5/19 MP: 1/10
  1565 | D:2      | Slain by an adder

Illustrated notes

Levels and vault maps discovered:
D:1:      dpeg_arrival_another_circle, layout_loops_ring,
          dreamdust_ecumenical_altar_statues
D:2:      layout_rooms, basic_altar

Skill      XL: |  1  2  3 |
---------------+----------+-----
Hexes          | 1 2 |  2.0
Translocations | 1 |  1.6
Spellcasting   | 4 |  4.0
Dodging        | |  2.4
Stealth        | |  2.4
Conjurations   | |  4.5

Action                   || total
-------------------------++-------
Melee: Unarmed           ||    13
 Cast: Magic Dart        ||    43
       Searing Ray       ||     6
Armor: Robe              ||    11
Dodge: Dodged            ||    35
